Map: Bel'Shir Vestige LE

Players

FLORENCIO - Winner!

  • Race: Protoss Protoss
  • League: Master
  • Spawn Location: 11:00

OVERMAZTER

  • Race: Zerg Zerg
  • League: Gold
  • Spawn Location: 5:00

VOD

Have the link to the VOD?

Description

Time

  • Played on: June 24, 2017, 9:35 p.m.
  • Length: 9:40
Show
View Real Time Build Order
Export as new Build Order

FLORENCIO Protoss - Winner!

Build Orders:  

Get SALT Encoding   

  12  0:01  Probe (Chrono Boost)  
  13  0:11  Probe (Chrono Boost)  
  14  0:26  Pylon  
  14  0:29  Probe (Chrono Boost)  
  15  0:44  Probe (Chrono Boost)  
  15  0:48  Gateway  
  16  0:54  Probe (Chrono Boost)  
  16  0:56  Gateway  
  17  1:05  Probe (Chrono Boost)  
  18  1:13  Pylon  
  18  1:15  Probe (Chrono Boost)  
  19  1:26  Probe (Chrono Boost), Pylon  
  20  1:45  Zealot  
  22  1:47  Zealot  
  22  1:54  Probe (Chrono Boost), Assimilator  
  25  1:58  Assimilator  
  25  2:10  Cybernetics Core  
  25  2:13  Zealot  
  27  2:16  Zealot  
  29  2:25  Probe (Chrono Boost)  
  30  2:36  Probe (Chrono Boost)  
  33  2:46  Probe (Chrono Boost)  
  32  2:51  Nexus  
  32  2:57  Forge  
  32  3:04  Probe (Chrono Boost)  
  33  3:14  Pylon  
  31  4:01  Photon Cannon  
  27  4:03  Mothership Core (Chrono Boost)  
  27  4:04  Photon Cannon  
  27  4:07  Adept x2  
  31  4:19  Robotics Facility  
  31  4:27  Photon Cannon  
  31  4:29  Probe (Chrono Boost)  
  33  4:31  Probe (Chrono Boost)  
  33  4:38  Stalker  
  35  4:39  Probe (Chrono Boost)  
  35  4:42  Probe (Chrono Boost)  
  37  4:50  Probe (Chrono Boost)  
  37  4:51  Stalker  
  37  4:52  Probe (Chrono Boost)  
  41  5:00  Probe (Chrono Boost)  
  41  5:03  Probe (Chrono Boost)  
  43  5:10  Assimilator  
  43  5:11  Probe (Chrono Boost)  
  43  5:12  Assimilator  
  43  5:13  Probe (Chrono Boost)  
  45  5:15  Stalker  
  45  5:17  Immortal  
  52  5:21  Probe (Chrono Boost)  
  52  5:23  Pylon  
  52  5:24  Probe (Chrono Boost)  
  53  5:32  Probe (Chrono Boost)  
  54  5:36  Pylon  
  54  5:41  Pylon, Sentry  
  54  5:42  Probe (Chrono Boost)  
  57  5:54  Sentry  
  59  6:06  Nexus  
  59  6:07  Pylon  
  59  6:08  Sentry  
  61  6:12  Immortal (Chrono Boost)  
  65  6:20  Sentry  
  67  6:31  Gateway  
  67  6:33  Gateway  
  67  6:35  Stalker  
  67  6:38  Warp Gate  
  69  6:52  Immortal (Chrono Boost)  
  73  6:56  Photon Cannon, Pylon  
  73  6:57  Stalker  
  75  7:04  Gateway, Pylon  
  75  7:06  Assimilator  
  75  7:08  Probe  
  75  7:09  Probe  
  75  7:11  Assimilator  
  77  7:21  Probe  
  77  7:22  Stalker  
  80  7:27  Probe, Stalker x2  
  85  7:36  Stalker  
  87  7:37  Probe  
  88  7:52  Stalker  
Show
View Real Time Build Order
Export as new Build Order

OVERMAZTER Zerg 

Build Orders: Pool First 

Get SALT Encoding   

  12  0:06  Drone  
  13  0:14  Overlord  
  13  0:20  Drone  
  14  0:25  Extractor  
  14  0:26  Drone  
  15  0:35  Drone  
  15  0:39  Drone  
  17  1:01  Drone x2  
  17  1:04  Extractor  
  18  1:15  Spawning Pool  
  18  1:18  Hatchery  
  16  1:25  Drone x2  
  18  1:30  Evolution Chamber  
  18  1:33  Overlord  
  18  1:46  Drone  
  19  2:06  Queen, Metabolic Boost, Spine Crawler  
  19  2:08  Zergling x4  
  22  2:17  Spine Crawler  
  22  2:18  Overlord  
  22  2:45  Roach Warren, Drone  
  22  2:46  Drone  
  23  3:08  Overlord  
  23  3:38  Roach  
  23  3:39  Roach x4  
  23  4:04  Drone x2  
  25  4:20  Roach  
  25  4:21  Roach  
  28  4:40  Ravager  
  28  5:07  Queen  
  28  5:08  Drone  
  28  5:09  Drone x4  
  35  5:22  Hatchery  
  34  5:46  Drone x3  
  37  5:58  Spore Crawler  
  37  6:02  Lair  
  37  6:03  Drone  
  37  6:07  Evolution Chamber  
  36  6:23  Drone x2  
  39  6:32  Drone  
  39  6:35  Queen  
  41  6:47  Overlord  
  41  6:50  Drone  
  41  6:53  Drone  
  43  6:58  Zerg Missile Weapons Level 1  
  43  7:00  Glial Reconstitution  
  43  7:01  Overseer  
  43  7:06  Zergling x6  
  46  7:20  Zergling x10  
  46  7:21  Zergling x2  
  52  7:31  Drone x2  
  54  7:48  Overlord x3  
  54  7:49  Overlord  
  54  7:58  Roach x3  
Tags
 
Add a new tag
Caveats
  • Supply blocks, unpowered buildings, or Contaminate may cause inaccurate times.
  • Supply counts are checked every 10 seconds.